 Dungeon Crawl Stone Soup version 0.25-a0-737-g26c3a87c45 (webtiles) character file.

Game seed: 2625280779218529077, levelgen mode: classic

65 Amnesiac the Chiller (level 4, 0/34 HPs)
             Began as a Ghoul Ice Elementalist on Apr 11, 2020.
             Killed from afar by Robin (10 damage)
             ... with a puff of flame
             ... on level 2 of the Dungeon.
             The game lasted 00:03:05 (1095 turns).

Amnesiac the Chiller (Ghoul Ice Elementalist)       Turns: 1095, Time: 00:03:06

Health: 0/34       AC:  2    Str: 11    XL:     4   Next: 13%
Magic:  0/6        EV: 12    Int: 11    God:
Gold:   19         SH:  0    Dex:  9    Spells: 3/7 levels left

rFire    . . .     SeeInvis .   (no weapon)
rCold    + . .     Gourm    .   (no shield)
rNeg     + + +     Faith    .   a - +0 robe
rPois    ∞         Spirit   .   (no helmet)
rElec    .         Reflect  .   (no cloak)
rCorr    .         Harm     .   (no gloves)
MR       .....                  (no boots)
Stlth    ++........             (no amulet)
HPRegen  0.00/turn              f - ring of wizardry
MPRegen  0.10/turn              (no ring)

@: rotting
A: rotting body, claws 1, carnivore, cold resistance 1, negative energy
resistance 3, inhibited regeneration, torment resistance, unbreathing
a: no special abilities


You were on level 2 of the Dungeon.
You were not hungry.

You visited 1 branch of the dungeon, and saw 2 of its levels.

You collected 19 gold pieces.

Inventory:

Armour
 a - a +0 robe (worn)
Jewellery
 f - a ring of wizardry (left claw)
Scrolls
 b - 2 scrolls of fear {!r, unknown}
 d - a scroll of immolation {!r, unknown}
 h - a scroll of fog {!r, unknown}
 i - a scroll of teleportation {!r, unknown}
 l - a scroll of identify {!r, unknown}
Potions
 e - a potion of magic {!q, unknown}
 j - 2 potions of stabbing {!q, unknown}
 k - 3 potions of heal wounds {!q, unknown}
Comestibles
 c - 2 rations
 g - 11 chunks of flesh


   Skills:
 + Level 0.8 Fighting
 - Level 1.7 Dodging
 - Level 2.1 Stealth
 + Level 2.4 Spellcasting
 * Level 5.5 Ice Magic


You had 3 spell levels left.
You knew the following spells:

 Your Spells              Type           Power        Failure   Level  Hunger
a - Freeze                Ice            ##..         1%          1    ##.....
b - Frozen Ramparts       Ice            ##....       3%          3    ####...

Your spell library contained the following spells:

 Spells                   Type           Power        Failure   Level  Hunger
 Ozocubu's Armour         Chrm/Ice       #.......     11%         3    ####...
 Hailstorm                Conj/Ice       #.......     32%         4    #####..
 Summon Ice Beast         Ice/Summ       #.......     32%         4    #####..


Dungeon Overview and Level Annotations

Branches:
Dungeon (2/15)

Altars:

Annotations:
D:2 Robin, Terence


Innate Abilities, Weirdness & Mutations

Your body is rotting away.
You thrive on raw meat.
You are immune to poison.
You have sharp fingernails.
You are carnivorous and can eat meat at any time.
Your flesh is cold resistant. (rC+)
You are immune to negative energy. (rN+++)
You do not regenerate when monsters are visible.
You are immune to unholy pain and torment.
You can survive without breathing.


Message History

Confirm with . or Enter, or press ? or * to list all spells.
Aiming: Freeze (safe; 1% risk of failure)
Press: ? - help, Shift-Dir - straight line, f - goblin
Aim: a goblin, wielding a +0 dagger (heavily wounded)
You freeze the goblin.
You kill the goblin!
The wall freezes the bat. x2
You kill the bat!
A goblin comes into view.
The wall freezes the hobgoblin. x2; The wall freezes the goblin.
The goblin hits you with a +0 dagger.
Casting: Freeze (safe; 1% risk of failure)
Confirm with . or Enter, or press ? or * to list all spells.
Aiming: Freeze (safe; 1% risk of failure)
Press: ? - help, Shift-Dir - straight line, f - hobgoblin
Aim: a hobgoblin (heavily wounded)
You freeze the hobgoblin.
You kill the hobgoblin!
The wall freezes Robin.
The goblin closely misses you.
The wall freezes the goblin.
You kill the goblin!
The wall freezes the hobgoblin.
You kill the hobgoblin!
The wall freezes the kobold.
You kill the kobold!
The wall freezes the goblin.
The goblin completely misses you.
Casting: Freeze (safe; 1% risk of failure)
Confirm with . or Enter, or press ? or * to list all spells.
You don't have enough magic to cast that spell.
Unknown command.
You closely miss the goblin.
The goblin is severely wounded.
The wall freezes Robin.
Robin hits you from afar with a +0 trident.
The wall freezes the hobgoblin.
You kill the hobgoblin!
The wall freezes the goblin. x2; The goblin closely misses you.
The wall freezes the goblin. x2
You kill the goblin!
You have reached level 4!
You scratch the goblin.
You kill the goblin!
The wall freezes the goblin.
The goblin hits you with a +0 club.
* * * LOW HITPOINT WARNING * * *
The wall freezes the goblin.
You kill the goblin!
The wall freezes Robin.
Robin hits you from afar with a +0 trident!
* * * LOW HITPOINT WARNING * * *
The wall freezes the goblin.
You kill the goblin!
The wall freezes the goblin.
You kill the goblin!
Unknown command.
You scratch the goblin.
You kill the goblin!
The wall freezes Robin.
Robin roars a battlecry!
The goblin goes into a battle-frenzy!
Unknown command.
Unknown command.
Unknown command.
The frozen ramparts melt away.
Robin zaps a wand.
The puff of flame hits you!
You die...

.@# ... ## .#.
.. .# #. . #.
## ### #.##.
... #..###..†
.. ..
#......)#.#....
##@g)...#
#<)g.#....
#).......#
.†..##.#.#
###..# # #...
#.### #.# .#


You could see Robin and a goblin.

Vanquished Creatures
  An adder (D:2)
  A worm (D:2)
  2 dart slugs (D:1)
  A leopard gecko (D:2)
  2 ball pythons
  A giant cockroach (D:2)
  13 goblins
  9 hobgoblins
  3 bats
  A frilled lizard (D:1)
  5 kobolds
  3 rats
42 creatures vanquished.

Notes
Turn   | Place    | Note
-------+----------+-------------------------------------------
     0 | D:1      | Amnesiac the Ghoul Ice Elementalist began the quest for the
                  | Orb.
     0 | D:1      | Reached XP level 1. HP: 14/14 MP: 2/2
    13 | D:1      | You fall into a shaft and drop 1 floor!
   241 | D:2      | Reached XP level 2. HP: 19/20 MP: 2/4
   353 | D:2      | Noticed Terence
   376 | D:2      | Reached skill level 5 in Ice Magic
   567 | D:1      | Reached XP level 3. HP: 14/26 MP: 2/5
   737 | D:1      | Learned a level 3 spell: Frozen Ramparts
  1089 | D:2      | Noticed Robin
  1092 | D:2      | Reached XP level 4. HP: 20/34 MP: 0/6
  1095 | D:2      | Killed from afar by Robin

Levels and vault maps discovered:
D:1:      heliophobic_arrival_enchanted_forest, layout_basic
D:2:      minmay_wonky_spiral, layout_basic, cheibriados_altar_1, uniq_robin,
          uniq_terence

Skill      XL: |  1  2 |
---------------+-------+-----
Spellcasting   | 2 |  2.4
Ice Magic      | 5 |  5.5
Fighting       | |  0.8
Dodging        | |  1.7
Stealth        | |  2.1

Action                   |  1- 3 |  4- 6 || total
-------------------------+-------+-------++-------
Melee: Unarmed           |    40 |     2 ||    42
 Cast: Freeze            |    51 |       ||    51
       Frozen Ramparts   |     1 |       ||     1
  Eat: Chunk             |    13 |       ||    13
Armor: Robe              |    16 |       ||    16
Dodge: Dodged            |    69 |       ||    69

Table legend:
 A = Non-vault XP
 B = Vault XP
 C = Vault XP percentage of total XP
 D = Non-vault monster count
 E = Vault monster count
 F = Vault count percentage of total count
                 A         B        C        D         E       F
            +---------+---------+-------+---------+---------+-------
      Total |      66 |      27 |  29.0 |      28 |      14 |  33.3
            +---------+---------+-------+---------+---------+-------
        D:1 |      35 |       0 |   0.0 |      18 |       0 |   0.0
        D:2 |      31 |      27 |  46.6 |      10 |      14 |  58.3
            +---------+---------+-------+---------+---------+-------
